 Dungeon Crawl Stone Soup version 0.16.1-11-g651b585 (webtiles) character file.

50 karlm the Chucker (level 3, -12/58 HPs)
             Began as an Ogre Hunter on Apr 5, 2015.
             Killed by divine providence
             ... invoked by an orc priest
              (14 damage)
             ... on level 3 of the Dungeon.
             The game lasted 00:05:43 (2778 turns).

karlm the Chucker (Ogre Hunter)                     Turns: 2778, Time: 00:05:43

Health: -12/58     AC: 21    Str: 17    XL:     3   Next: 79%
Magic:  3/3        EV:  1    Int: 10    God:
Gold:   62         SH:  0    Dex: 11    Spells: 0 memorised, 2 levels left

rFire  . . .     SeeInvis .     l - +0 whip
rCold  . . .     Clarity  .     d - melded +0 animal skin
rNeg   + + +     SustAb   .     (shield restricted)
rPois  +         Gourm    .     (helmet currently unavailable)
rElec  .         Spirit   .     (cloak currently unavailable)
rCorr  .         Warding  .     (gloves unavailable)
rMut   .         NoTele   +     (boots unavailable)
MR     .....                    (no amulet)
Stlth  ++........               (no ring)
                                (no ring)

@: tree-form, not resistant to hostile enchantments, unstealthy
A: unfitting armour, (tough skin 0)
a: no special abilities


You were on level 3 of the Dungeon.
You were not hungry.
You were a tree.
You visited 1 branch of the dungeon, and saw 3 of its levels.

You collected 62 gold pieces.

Inventory:

Hand weapons
 l - a +0 whip (weapon)
Missiles
 b - 3 large rocks (quivered)
 c - 2 throwing nets
 j - 8 stones
Armour
 d - a +0 animal skin (melded)
Jewellery
 i - an uncursed ring of fire
Scrolls
 g - 5 scrolls of identify {unknown}
 m - a scroll of amnesia {unknown}
 o - a scroll of blinking {unknown}
 p - a scroll of random uselessness {unknown}
Potions
 h - a potion of magic
Books
 n - a book of Debilitation

   Spells                             Type                      Level
   a - Corona                         Hexes                        1
   b - Slow                           Hexes                        2
   c - Inner Flame                    Hexes/Fire                   3
   d - Enslavement                    Hexes                        4
   e - Cause Fear                     Hexes                        4
   f - Leda's Liquefaction            Hexes/Earth                  4
Comestibles
 a - a royal jelly
 f - a meat ration
 q - a chunk of flesh


   Skills:
 * Level 3.7 Fighting
 * Level 1.3 Maces & Flails
 + Level 4.6 Throwing
 + Level 2.3 Dodging
 - Level 1.1 Stealth


You had 2 spell levels left.
You didn't know any spells.

Dungeon Overview and Level Annotations

Branches:
Dungeon (3/15)

Altars:


Innate Abilities, Weirdness & Mutations

You are too large for most types of armour.
((You have tough skin (AC +1).))


Message History

The orc priest invokes the aid of Beogh against you.
You are unaffected.
The goblin hits you but does no damage.
You hit the orc priest.
The orc priest is heavily wounded.
You hear some strange, mumbled words.
The magic dart hits you! The orc hits you but does no damage.
The orc priest hits you but does no damage. x2
The goblin hits you.
* * * LOW HITPOINT WARNING * * *
You hit the orc priest.
The orc priest is severely wounded.
Something hits you but does no damage. The orc hits you but does no damage.
The orc priest hits you but does no damage. x2
The goblin hits you but does no damage.
You hit the orc priest.
The orc priest is almost dead.
Something hits you but does no damage. The orc hits you but does no damage.
The orc priest invokes the aid of Beogh against you.
Something smites you!
You die...

# #.##.####..##.# #.#.##.#
#).##.#######
#....#.####..#.........
#..........<.#..#####..
##...#..........# #..
##########.#.#.####.##.##
#.. #.....<.#.# #..## #)##.#
#.. #.##...g.## ##{.# #.##.#
#.. #......# #o♣.# #.##.#
#.. #..o)...#.goo..#.##.#
#.. #..............#.##.#
#..
#o......(........##.######..
#.##.###.##.................
#o .# #.##.#......)######..
.. .# #. #.#.......## ###
#?. .. .. #..........# .
#.#.......##


You could see 2 orc priests, an orc and a goblin.

Vanquished Creatures
  An adder (D:2)
  A giant gecko (D:1)
  2 oozes (D:1)
  2 giant cockroaches
  6 hobgoblins
  6 kobolds
  4 bats
  10 goblins
  5 rats
37 creatures vanquished.

Notes
Turn   | Place    | Note
--------------------------------------------------------------
     0 | D:1      | karlm, the Ogre Hunter, began the quest for the Orb.
     0 | D:1      | Reached XP level 1. HP: 22/22 MP: 1/1
   102 | D:1      | Reached skill level 1 in Stealth
   241 | D:1      | Reached XP level 2. HP: 21/31 MP: 2/2
  1342 | D:1      | Reached XP level 3. HP: 33/37 MP: 3/3
  2364 | D:3      | Reached skill level 1 in Maces & Flails
  2775 | D:3      | HP: 2/58 [orc (3)]
  2778 | D:3      | Killed from afar by an orc priest

Action                   || total
-------------------------++-------
Melee: Short sword       ||    92
       Whip              ||   105
Throw: Large rock        ||     5
  Use: Potion            ||     3
 Stab: Distracted        ||     1
  Eat: Chunk             ||     6
